 Dungeon Crawl Stone Soup version 0.24.1-14-gf8d2b509d9 (webtiles) character file.

Game seed: 12339719483215774422, levelgen mode: deterministic

2753 tkbsonic5 the Poker (level 9, -13/69 HPs)
             Began as a Merfolk Skald on Nov 25, 2021.
             Was a Follower of Vehumet.
             Mangled by a komodo dragon (27 damage)
             ... on level 9 of the Dungeon.
             The game lasted 00:44:06 (8458 turns).

tkbsonic5 the Poker (Merfolk Skald)                 Turns: 8458, Time: 00:44:06

Health: -13/69     AC: 13    Str: 12    XL:     9   Next: 68%
Magic:  14/14      EV:  4    Int: 18    God:    Vehumet [*.....]
Gold:   336        SH:  3    Dex: 13    Spells: 0/15 levels left

rFire    . . .     SeeInvis .   G - +2 trident (pierce)
rCold    + . .     Gourm    .   (no shield)
rNeg     . . .     Faith    .   C - +0 plate armour
rPois    +         Spirit   .   m - +1 helmet {Int+3}
rElec    .         Reflect  +   (no cloak)
rCorr    .         Harm     .   v - +0 pair of gloves
MR       .....                  (boots currently unavailable)
Stlth    ..........             r - +3 amulet of reflection
HPRegen  0.21/turn              o - ring of poison resistance
MPRegen  0.14/turn              n - +2 ring of intelligence

@: hasted, extremely drained, very quick
A: change form in water, swift swim, stealthy swim, blink, cold resistance 1,
weak 1
a: Blink, Renounce Religion


You were on level 9 of the Dungeon.
You worshipped Vehumet.
Vehumet was aware of your devotion.
You were not hungry.

You visited 3 branches of the dungeon, and saw 11 of its levels.

You collected 336 gold pieces.

Inventory:

Hand Weapons
 G - a +2 trident of piercing (weapon)
Missiles
 f - 16 poisoned darts (quivered)
 g - 10 javelins
 D - 2 atropa-tipped darts
Armour
 b - a +0 leather armour
 c - a +0 ring mail
 e - a +2 helmet
 h - a +0 shield
 l - a +0 pair of boots (melded)
 m - a +1 helmet of intelligence (worn)
 q - a +0 robe of the Archmagi
 v - a +0 pair of gloves (worn)
 C - a +0 plate armour (worn)
Jewellery
 n - a +2 ring of intelligence (right hand)
 o - a ring of poison resistance (left hand)
 r - a +3 amulet of reflection (around neck)
Wands
 B - a wand of flame (40)
Scrolls
 t - 5 scrolls of remove curse
 u - a scroll of amnesia {unknown}
 w - a scroll of magic mapping
 z - 3 scrolls of immolation
 A - a scroll of teleportation {unknown}
Potions
 j - 2 potions of curing
 E - a potion of magic
Comestibles
 d - 10 rations


   Skills:
 * Level 5.9(0.0) Fighting
 * Level 7.8(1.2) Polearms
 + Level 1.7(0.0) Throwing
 + Level 1.6(0.0) Armour
 * Level 6.0(0.0) Dodging
 + Level 2.6(0.0) Stealth
 + Level 3.7(0.0) Spellcasting
 * Level 4.5(0.0) Hexes
 * Level 6.3(0.0) Charms
 * Level 2.8(0.0) Necromancy
 + Level 1.9(0.0) Translocations
 + Level 1.1(0.0) Evocations


You couldn't memorise any spells.
You knew the following spells:

 Your Spells              Type           Power        Failure   Level  Hunger
a - Infusion              Chrm           #...         100%        1    ##.....
b - Song of Slaying       Chrm           #.......     100%        2    ###....
c - Spectral Weapon       Hex/Chrm       #.......     100%        3    ####...
d - Regeneration          Chrm/Necr      #.........   100%        3    ####...
e - Shroud of Golubria    Chrm/Tloc      #.....       100%        2    ###....
f - Confuse               Hex            #.......     100%        3    ####...
g - Confusing Touch       Hex            #.....       100%        1    ##.....

Your spell library contained the following spells:

 Spells                   Type           Power        Failure   Level  Hunger
 Freeze                   Ice            #...         100%        1    ##.....
 Gell's Gravitas          Tloc           #.........   100%        3    ####...
 Petrify                  Tmut/Erth      #.......     100%        4    #####..
 Metabolic Englaciation   Hex/Ice        #.........   100%        5    ######.
 Yara's Violent Unravell  Hex/Tmut       #.........   100%        5    ######.


Dungeon Overview and Level Annotations

Branches:
Dungeon (10/15)            Temple (1/1) D:5            Lair (1/6) D:9
    Orc: D:9-12

Altars:
Ashenzari
Cheibriados
Dithmenos
Elyvilon
Nemelex Xobeh
Qazlal
Ru
Sif Muna
Trog
Vehumet
Xom
The Shining One

Annotations:
D:5 1 runed translucent door, cstieg1's ghost, novice GnWn


Innate Abilities, Weirdness & Mutations

You revert to your normal form in water.
You are very nimble and swift while swimming.
You are very stealthy in the water. (Stealth+)
You can translocate small distances at will.
Your flesh is cold resistant. (rC+)
You are weak. (Str -2)


Message History

Throwing (i - inventory. (/) - cycle)
f - 17 poisoned darts (quivered)
Press: ? - help, Shift-Dir - straight line, f/p - komodo dragon
Aim: a komodo dragon You throw a poisoned dart.
The poisoned dart hits the komodo dragon.
The komodo dragon is poisoned.
The komodo dragon closely misses you.
You hit the komodo dragon.
The komodo dragon is lightly wounded.
The komodo dragon bites you!
You hit the komodo dragon but do no damage.
The komodo dragon is lightly wounded.
The komodo dragon bites you but does no damage.
You block the komodo dragon's attack.
You hit the komodo dragon.
You tail-slap the komodo dragon, but do no damage.
The komodo dragon is moderately wounded.
The komodo dragon looks more healthy.
The komodo dragon bites you!!
* * * LOW HITPOINT WARNING * * *
You feel yourself speed up. The komodo dragon bites you!!
You die...

##########..#...≈...#..####......
#....#...#....## #....[.
#...##.P.##....###......
##########.#..PP.....#....+......
...........#≈.PP>PP.≈#..###......
#....#####.#..PPP.P..#...........
'....'.......##PP.##.....#######.
#....#####....#.l.#....#.# #.
#....# #..#...@...#....## ##'
#....# #...#######......# #..
#....# ##..........####'#####..
#....# #..........#...........
#....# #..........#.........#'
###### #..........#.........#. #
############.........#. #
#.........#. # #.........#.


You could see a komodo dragon.

Vanquished Creatures
  A hippogriff (D:9)
  2 yaks (D:10)
  Duvessa (D:6)
  An ice beast (D:6)
  A sky beast (D:5)
  2 phantoms
  A black bear (D:6)
  5 ogres
  2 centaurs (D:6)
  2 bullfrogs
  A water moccasin zombie (D:4)
  A scorpion (D:5)
  Dowan (D:6)
  2 crimson imps
  A bullfrog zombie (D:9)
  A centaur zombie (D:10)
  3 hounds (D:6)
  2 bullfrog skeletons
  2 orc priests
  An iguana (D:6)
  6 orc wizards
  3 worker ants
  A hound skeleton (D:9)
  Robin (D:3)
  9 adders
  A shadow imp (D:5)
  An adder skeleton (D:6)
  2 worms (D:2)
  4 dart slugs
  5 leopard geckos
  25 orcs
  2 ball pythons
  4 giant cockroaches
  14 goblins
  13 hobgoblins
  5 jackals
  3 quokkas
  6 bats
  9 frilled lizards
  7 kobolds
  A quokka skeleton (D:4)
  12 rats
167 creatures vanquished.

Vanquished Creatures (others)
  2 spectral weapons
2 creatures vanquished.

Grand Total: 169 creatures vanquished

Notes
Turn   | Place    | Note
-------+----------+-------------------------------------------
     0 | D:1      | tkbsonic5 the Merfolk Skald began the quest for the Orb.
     0 | D:1      | Reached XP level 1. HP: 16/16 MP: 3/3
   135 | D:1      | Reached XP level 2. HP: 19/23 MP: 5/5
   470 | D:1      | Learned a level 2 spell: Song of Slaying
   547 | D:1      | Reached XP level 3. HP: 24/28 MP: 0/6
   605 | D:1      | Learned a level 3 spell: Spectral Weapon
  1388 | D:2      | Reached skill level 4 in Polearms
  1388 | D:2      | Reached XP level 4. HP: 35/35 MP: 7/7
  1631 | D:2      | Reached skill level 1 in Hexes
  2047 | D:3      | Noticed Robin
  2076 | D:3      | Killed Robin
  2078 | D:3      | Reached XP level 5. HP: 41/41 MP: 1/8
  2744 | D:4      | Noticed a phantom
  2771 | D:4      | Reached skill level 5 in Polearms
  2771 | D:4      | Reached XP level 6. HP: 45/48 MP: 1/9
  2782 | D:4      | Killed a phantom
  2854 | D:4      | Learned a level 3 spell: Regeneration
  2875 | D:4      | Reached XP level 7. HP: 47/54 MP: 4/11
  3023 | D:5      | Entered Level 5 of the Dungeon
  3072 | D:5      | Reached skill level 1 in Necromancy
  3341 | D:5      | Learned a level 2 spell: Shroud of Golubria
  3574 | D:5      | Found a staircase to the Ecumenical Temple.
  3594 | Temple   | Entered the Ecumenical Temple
  3610 | Temple   | Became a worshipper of Vehumet
  3829 | D:5      | Found a runed translucent door.
  3859 | D:5      | Reached skill level 5 in Charms
  3968 | D:5      | Reached skill level 6 in Polearms
  4151 | D:5      | Reached skill level 1 in Stealth
  4151 | D:5      | Reached XP level 8. HP: 59/61 MP: 3/12
  4393 | D:5      | Found a stormy altar of Qazlal.
  4475 | D:5      | Noticed cstieg1's ghost (novice GnWn)
  4542 | D:6      | Reached skill level 1 in Armour
  4832 | D:6      | Reached skill level 5 in Fighting
  4859 | D:6      | Reached skill level 5 in Dodging
  4859 | D:6      | Reached skill level 1 in Translocations
  4883 | D:6      | Reached skill level 1 in Throwing
  5063 | D:6      | Found a sparkling altar of Nemelex Xobeh.
  5099 | D:6      | Noticed Dowan
  5102 | D:6      | Noticed Duvessa
  5118 | D:6      | Killed Dowan
  5118 | D:6      | Reached skill level 7 in Polearms
  5139 | D:6      | Killed Duvessa
  5139 | D:6      | Reached XP level 9. HP: 20/68 MP: 0/14
  5378 | D:6      | Learned a level 3 spell: Confuse
  5398 | D:6      | Found a sacrificial altar of Ru.
  5512 | D:6      | Reached * piety under Vehumet
  5512 | D:6      | Offered knowledge of Freeze by Vehumet.
  5831 | D:7      | You fall into a shaft and drop 2 floors!
  5858 | D:9      | Found a staircase to the Lair.
  6029 | D:9      | Found a sparkling altar of Nemelex Xobeh.
  6063 | D:9      | Found a shimmering blue altar of Sif Muna.
  6184 | D:9      | Found a shimmering altar of Xom.
  6677 | D:9      | Learned a level 1 spell: Confusing Touch
  6717 | D:10     | Entered Level 10 of the Dungeon
  7422 | D:10     | Noticed a troll
  7454 | D:10     | Reached skill level 1 in Evocations
  7717 | D:9      | Gained mutation: You can translocate small distances at
                  | will. [potion of mutation]
  7717 | D:9      | Gained mutation: You are weak. (Str -2) [potion of
                  | mutation]
  7717 | D:9      | Gained mutation: Your flesh is cold resistant. (rC+)
                  | [potion of mutation]
  7745 | D:10     | Noticed a gargoyle
  8127 | Lair:1   | Entered Level 1 of the Lair of Beasts
  8127 | Lair:1   | Noticed a komodo dragon
  8444 | Lair:1   | Noticed a spiny frog
  8458 | D:9      | Mangled by a komodo dragon

Levels and vault maps discovered:
D:1:      dpeg_arrival_more_subterranean_lakeside_camping, layout_loops_ring,
          serial_rivers, chequers_serial_rivers_small_3,
          chequers_serial_rivers_room_b, chequers_serial_rivers_micro_e,
          chequers_serial_rivers_micro_d, minmay_strange_pillars
D:2:      layout_basic
D:3:      layout_loops_corners, minmay_vboxes, uniq_robin
D:4:      layout_cave_pools
D:5:      layout_basic, marbit_many_paths, minmay_temple_entry_waves,
          first_ration, ebering_ghost_reflecting_pool
D:6:      layout_basic, nicolae_ru_great_annihilating_truth, basic_altar,
          uniq_duvessa
D:7:      layout_loops_ring, old_standard_altar, the_bakery,
          kennysheep_nondescript
D:9:      layout_basic, nicolae_overflow_hidden_temple, dpeg_oklobed_lair,
          basic_altar
D:10:     layout_gridville, grunt_ministairs_11
Temple:   compressed_dpeg_circular_temple
Lair:1:   layout_big_grid

Skill      XL: |  1  2  3  4  5  6  7  8  9 |
---------------+----------------------------+-----
Dodging        | 3 4 5 6 |  6.0
Fighting       | 3 4 5 |  5.9
Polearms       | 4 5 6 7 |  7.8
Hexes          | 1 2 3 4 |  4.5
Charms         | 4 5 6 |  6.3
Spellcasting   | 3 |  3.7
Necromancy     | 1 2 |  2.8
Stealth        | 1 2 |  2.6
Armour         | 1 |  1.6
Translocations | 1 |  1.9
Throwing       | 1 |  1.7
Evocations     | 1 |  1.1

Action                   |  1- 3 |  4- 6 |  7- 9 || total
-------------------------+-------+-------+-------++-------
Melee: Spear             |   140 |    99 |       ||   239
       Trident           |       |    75 |   549 ||   624
       Tailslap          |       |       |     1 ||     1
Throw: Dart              |     9 |    20 |    36 ||    65
 Cast: Infusion          |     3 |     5 |    12 ||    20
       Song of Slaying   |       |     5 |     7 ||    12
       Spectral Weapon   |       |     2 |     3 ||     5
       Regeneration      |       |     1 |     9 ||    10
       Shroud of Golubri |       |       |    16 ||    16
       Confuse           |       |       |     4 ||     4
  Use: Scroll            |     1 |     4 |    11 ||    16
       Potion            |       |     4 |    12 ||    16
 Stab: Invisible         |       |     2 |     4 ||     6
       Confused          |       |       |     4 ||     4
  Eat: Chunk             |     1 |     1 |     2 ||     4
       Ration            |       |     2 |     6 ||     8
Armor: Leather armour    |     1 |       |       ||     1
       Ring mail         |    36 |    38 |   195 ||   269
       Skin              |       |    39 |       ||    39
       Plate armour      |       |       |    70 ||    70
Dodge: Dodged            |    73 |    59 |   286 ||   418
Block: Other             |       |       |    56 ||    56
       Reflection        |       |       |     1 ||     1
